 Dungeon Crawl Stone Soup version 0.26.1-11-gd32895ea62 (webtiles) character file.

Game seed: 826210117881845857

15474 Almogavar the Geomancer (level 12, -8/68 HPs)
             Began as a Gargoyle Earth Elementalist on May 20, 2021.
             Was a High Priest of Okawaru.
             Mangled by a skeletal warrior
             ... wielding a +0 hand axe
              (16 damage)
             ... on level 11 of the Dungeon on May 21, 2021.
             The game lasted 01:17:39 (15488 turns).

Almogavar the Geomancer (GrEE)                     Turns: 15488, Time: 01:17:40

Health: -8/68      AC: 14    Str: 14    XL:     12   Next: 27%
Magic:  0/27       EV: 15    Int: 19    God:    Okawaru [*****.]
Gold:   739        SH:  7    Dex: 10    Spells: 29/33 levels left

rFire    . . .     SeeInvis .   O - +4 flail
rCold    . . .     Faith    .   h - +2 buckler
rNeg     + . .     Spirit   +   t - +0 robe {Archmagi}
rPois    ∞         Reflect  .   n - +0 helmet
rElec    +         Harm     .   q - +0 cloak
rCorr    .         Rampage  .   (no gloves)
Will     +....                  (no boots)
Stlth    ++++......             v - amulet of guardian spirit
HPRegen  0.21/turn              l - +4 ring of slaying
MPRegen  0.20/turn              e - ring of willpower

@: heroism
A: negative energy resistance 1, electricity resistance, unbreathing,
petrification resistance, miasma immunity, AC +8
a: Renounce Religion, Heroism, Finesse


You were on level 11 of the Dungeon.
You worshipped Okawaru.
Okawaru was extremely pleased with you.
You visited 1 branch of the dungeon, and saw 12 of its levels.

You collected 739 gold pieces.

Inventory:

Hand Weapons
 L - a +4 morningstar
 O - a +4 flail (weapon)
Missiles
 b - 110 stones
 z - 93 bolts
Armour
 h - a +2 buckler (worn)
 n - a +0 helmet (worn)
 q - a +0 cloak (worn)
 t - a +0 robe of the Archmagi (worn)
 w - a +1 ring mail of positive energy
 D - a +2 robe of cold resistance
 S - a +0 kite shield of poison resistance
Magical Staves
 y - an uncursed staff of cold
Jewellery
 e - a ring of willpower (right hand)
 l - a +4 ring of slaying (left hand)
 u - an uncursed ring of ice
 v - an amulet of guardian spirit (around neck)
 H - an uncursed amulet of faith
 P - a +6 ring of intelligence
 R - an uncursed ring of wizardry
Wands
 g - a wand of acid (10)
 k - a wand of disintegration (10)
 C - a wand of iceblast (11)
 G - a wand of paralysis (10)
Scrolls
 c - 2 scrolls of enchant weapon
 i - a scroll of amnesia
 j - 9 scrolls of remove curse
 m - 4 scrolls of teleportation
 o - a scroll of fear
 x - a scroll of noise {unknown}
 A - 2 scrolls of torment {unknown}
 B - a scroll of magic mapping {unknown}
 I - a scroll of vulnerability {unknown}
 K - 3 scrolls of fog {unknown}
Potions
 a - 3 potions of might
 d - 2 potions of flight
 f - 3 potions of heal wounds
 p - a potion of cancellation
 r - 3 potions of curing
 s - a potion of ambrosia
 E - 2 potions of degeneration {unknown}
 F - 4 potions of haste {unknown}
 J - 2 potions of invisibility {unknown}
 M - 2 potions of attraction {unknown}
 N - a potion of mutation {unknown}
Miscellaneous
 Q - a phantom mirror


   Skills:
 + Level 5.2(10.2) Fighting
 + Level 7.4(12.4) Maces & Flails
 + Level 2.4(7.4) Armour
 - Level 2.0(7.0) Dodging
 + Level 4.6(9.6) Stealth
 + Level 2.3(7.3) Shields
 + Level 11.0 Spellcasting
 + Level 5.9 Conjurations
 + Level 0.7 Transmutations
 + Level 12.6 Earth Magic
 + Level 1.3 Invocations
 + Level 0.1 Evocations


You had 29 spell levels left.
You knew the following spells:

 Your Spells              Type           Power        Failure   Level
a - Sandblast             Erth           100%         1%          1
b - Stone Arrow           Conj/Erth      100%         1%          3

Your spell library contained the following spells:

 Spells                   Type           Power        Failure   Level
 Magic Dart               Conj           100%         1%          1
 Passwall                 Tmut/Erth      43%          1%          2
 Searing Ray              Conj           98%          1%          2
 Lee's Rapid Deconstruct  Erth           36%          1%          5
 Beastly Appendage        Tmut           38%          4%          1
 Petrify                  Tmut/Erth      52%          4%          4
 Dazzling Flash           Conj/Hex       64%          6%          3
 Corona                   Hex            16%          7%          1
 Wereblood                Tmut           19%          8%          2
 Ensorcelled Hibernation  Hex/Ice        30%          10%         2
 Spider Form              Tmut/Pois      8%           17%         3
 Confusing Touch          Hex            15%          21%         3
 Tukima's Dance           Hex            15%          21%         3
 Fulminant Prism          Conj/Hex       16%          21%         4
 Iskenderun's Mystic Bla  Conj/Tloc      32%          21%         4
 Irradiate                Conj/Tmut      17%          43%         5
 Ice Form                 Ice/Tmut       17%          50%         4
 Blade Hands              Tmut           9%           80%         5
 Hydra Form               Tmut           9%           100%        6
 Dragon Form              Tmut           9%           100%        7
 Statue Form              Tmut/Erth      Unusable     N/A         6

Dungeon Overview and Level Annotations

Branches:
Dungeon (12/15)            Temple (0/1) D:5            Lair (0/6) D:10
    Orc (0/2) D:12

Altars:
Gozag
Hepliaklqana
Makhleb
Okawaru
Qazlal
Trog
Uskayaw
Vehumet
Xom
The Shining One

Shops:
D:4 !

Annotations:
D:7 2 transporters, Almogavar's ghost, novice BaBe


Innate Abilities, Weirdness & Mutations

You are resistant to torment.
Your stone body is resilient. (AC +8)
You are immune to poison.
You resist negative energy. (rN+)
You are resistant to electric shocks. (rElec)
You can survive without breathing.
You are immune to petrification.
You are immune to miasma.


Message History

The skeletal warrior misses you.
You hit the skeletal warrior but do no damage.
The skeletal warrior is almost destroyed.
You closely miss the skeletal warrior.
The skeletal warrior is almost destroyed.
The skeletal warrior closely misses you.
The skeletal warrior barely misses you.
You hit the skeletal warrior but do no damage.
The skeletal warrior is almost destroyed.
The skeletal warrior hits you with a +0 hand axe!
* * * LOW HITPOINT WARNING * * *
You gain the combat prowess of a mighty hero.
You hit the skeletal warrior.
The skeletal warrior is almost destroyed.
The skeletal warrior hits you with a +0 hand axe.
* * * LOW HITPOINT WARNING * * *
You hit the skeletal warrior but do no damage.
The skeletal warrior is almost destroyed.
The skeletal warrior hits you with a +0 hand axe!
You die...

..#.##.# #.......#
###.##.#####.#.....#
....##.....#.#.....#
##########'#.#.#+###
#......#...#
#......##..#
#..........#
#......###z#
#..(.....#@#
#.....##.#)#
####'###.#.# #.#
#.#.# #.# #.#.# #{#
#.#.# #.###.#.#
#.....#.# #####.#.#


You could see a skeletal warrior.

Vanquished Creatures
  A hydra (D:12)
  2 two-headed ogres
  Erica (D:10)
  An unseen horror (D:10)
  2 ugly things (D:11)
  A manticore (D:11)
  Maurice (D:10)
  A centaur skeleton (D:11)
  A gargoyle (D:10)
  A queen bee (D:10)
  2 trolls
  3 slime creatures (D:12)
  Prince Ribbit (D:9)
  A shadow (D:12)
  A vampire (D:11)
  3 wyverns (D:10)
  4 yaks
  2 basilisks (D:10)
  Grum (D:11)
  3 water moccasins (D:10)
  4 ice beasts
  5 orc warriors
  3 black bears
  2 phantoms
  3 sky beasts
  4 ogres
  An eye of draining (D:11)
  7 centaurs
  4 wolves (D:11)
  4 bullfrogs
  A wyvern zombie (D:7)
  8 scorpions
  11 killer bees (D:10)
  16 wights
  2 howler monkeys
  2 bullfrog zombies
  3 centaur zombies
  5 hounds
  2 jellies
  A quasit (D:8)
  9 orc priests
  4 bullfrog skeletons
  6 iguanas
  Terence (D:2)
  14 orc wizards
  9 worker ants
  3 hound zombies
  A worker ant zombie (D:9)
  Robin (D:3)
  A howler monkey skeleton (D:5)
  15 adders
  3 shadow imps
  A white imp (D:3)
  3 ufetubi
  2 oozes (D:5)
  An adder skeleton (D:4)
  2 worms (D:5)
  2 dart slugs
  8 leopard geckos
  51 orcs
  A ball python (D:2)
  5 giant cockroaches
  13 goblins
  15 hobgoblins
  11 jackals
  5 quokkas
  A ball python zombie (D:5)
  8 bats
  5 frilled lizards
  7 kobolds
  A leopard gecko skeleton (D:9)
  2 quokka skeletons
  6 rats
338 creatures vanquished.

Vanquished Creatures (others)
  An orc wizard (D:6)
  2 bushes (D:10)
  5 fungi (D:10)
  31 plants (D:10)
39 creatures vanquished.

Grand Total: 377 creatures vanquished

Notes
Turn   | Place    | Note
-------+----------+-------------------------------------------
     0 | D:1      | Almogavar the Gargoyle Earth Elementalist began the quest
                  | for the Orb.
     0 | D:1      | Reached XP level 1. HP: 10/10 MP: 3/3
   169 | D:1      | Reached skill level 4 in Earth Magic
   185 | D:1      | Reached XP level 2. HP: 15/15 MP: 3/5
   643 | D:1      | Reached XP level 3. HP: 19/19 MP: 3/6
  1084 | D:2      | Reached skill level 5 in Earth Magic
  1182 | D:2      | Reached XP level 4. HP: 24/24 MP: 5/7
  1417 | D:2      | Learned a level 3 spell: Stone Arrow
  2176 | D:3      | Noticed Terence
  2196 | D:2      | Killed Terence
  2197 | D:2      | Reached skill level 1 in Maces & Flails
  2416 | D:3      | Reached XP level 5. HP: 28/28 MP: 9/9
  2459 | D:3      | Noticed Robin
  2574 | D:3      | Killed Robin
  2605 | D:3      | Found an iron altar of Okawaru.
  2784 | D:3      | Became a worshipper of Warmaster Okawaru
  3300 | D:4      | Found Bippy's Distillery.
  3321 | D:4      | Reached XP level 6. HP: 33/33 MP: 7/10
  3455 | D:4      | Reached skill level 1 in Fighting
  3563 | D:4      | Reached skill level 6 in Earth Magic
  3588 | D:4      | Found a shimmering altar of Xom.
  3711 | D:4      | Found a glowing golden altar of the Shining One.
  4086 | D:4      | Found a hazy altar of Hepliaklqana.
  4138 | D:5      | Entered Level 5 of the Dungeon
  4200 | D:5      | Reached skill level 1 in Armour
  4200 | D:5      | Reached XP level 7. HP: 36/38 MP: 10/12
  4260 | D:5      | Reached * piety under Okawaru
  4728 | D:5      | Reached XP level 8. HP: 43/43 MP: 13/15
  4864 | D:5      | Reached ** piety under Okawaru
  4865 | D:5      | Reached skill level 5 in Spellcasting
  4865 | D:5      | Reached skill level 7 in Earth Magic
  4918 | D:5      | Found a staircase to the Ecumenical Temple.
  5978 | D:6      | Found a hide-covered altar of Uskayaw.
  6236 | D:6      | Reached skill level 8 in Earth Magic
  6921 | D:7      | Reached XP level 9. HP: 44/48 MP: 16/18
  7035 | D:7      | Found a transporter.
  7035 | D:7      | Found a transporter.
  7035 | D:7      | Noticed a moth of wrath
  7035 | D:7      | Identified the cursed +1 giant spiked club of Defiance
                  | {vorpal, Will+ Str-4 Dex+3}
  7046 | D:7      | Found a bloodstained altar of Trog.
  7091 | D:7      | Noticed Almogavar's ghost (novice BaBe)
  7371 | D:7      | Got a heavily runed chain mail
  7374 | D:7      | Reached *** piety under Okawaru
  7550 | D:7      | Found an opulent altar of Gozag.
  7763 | D:7      | Found a radiant altar of Vehumet.
  7823 | D:7      | Found a burning altar of Makhleb.
  7965 | D:8      | Found a bloodstained altar of Trog.
  7969 | D:8      | Reached skill level 5 in Maces & Flails
  7972 | D:8      | Reached skill level 9 in Earth Magic
  8334 | D:8      | Reached **** piety under Okawaru
  8623 | D:8      | Found a stormy altar of Qazlal.
  8721 | D:8      | Reached XP level 10. HP: 56/56 MP: 19/22
  8935 | D:9      | Noticed Prince Ribbit
  8937 | D:9      | Killed Prince Ribbit
  8938 | D:9      | Reached skill level 10 in Earth Magic
  9292 | D:9      | Received a gift from Okawaru
  9750 | D:9      | Reached skill level 1 in Conjurations
 10061 | D:10     | Entered Level 10 of the Dungeon
 10081 | D:10     | Reached skill level 1 in Shields
 10218 | D:10     | Received a gift from Okawaru
 10589 | D:10     | Noticed a two-headed ogre
 10599 | D:10     | Killed a two-headed ogre
 10599 | D:10     | Reached ***** piety under Okawaru
 10600 | D:10     | Reached skill level 11 in Earth Magic
 10919 | D:10     | Reached XP level 11. HP: 60/60 MP: 14/24
 11108 | D:10     | Found a staircase to the Lair.
 11516 | D:10     | Noticed Maurice
 11535 | D:10     | Killed Maurice
 11727 | D:10     | Killed an unseen horror
 11896 | D:10     | Noticed Erica
 11918 | D:10     | Killed Erica
 11919 | D:10     | Reached skill level 10 in Spellcasting
 12140 | D:10     | Reached skill level 1 in Invocations
 12452 | D:11     | Noticed a red ugly thing
 12460 | D:11     | Killed a red ugly thing
 12886 | D:11     | Reached skill level 5 in Conjurations
 12973 | D:11     | Noticed a manticore
 12984 | D:11     | Killed a manticore
 12991 | D:11     | Reached skill level 12 in Earth Magic
 13234 | D:11     | Noticed Grum
 13258 | D:11     | Killed Grum
 13587 | D:11     | Noticed a cyan ugly thing
 13597 | D:11     | Killed a cyan ugly thing
 13598 | D:11     | Reached skill level 5 in Fighting
 13785 | D:11     | Reached XP level 12. HP: 68/68 MP: 26/26
 14289 | D:12     | Found a staircase to the Orcish Mines.
 14337 | D:12     | Noticed a two-headed ogre
 14341 | D:12     | Killed a two-headed ogre
 15361 | D:12     | Noticed a four-headed hydra
 15370 | D:12     | Killed a four-headed hydra
 15370 | D:12     | Received a gift from Okawaru
 15488 | D:11     | Mangled by a skeletal warrior

Illustrated notes

Levels and vault maps discovered:
D:1:      saegor_arrival_simple_b, layout_loops_cross
D:2:      layout_basic
D:3:      layout_rooms, okawaru_gym_becter, uniq_robin, uniq_terence
D:4:      layout_basic, nzn_hepliaklqana_mist_gate, lemuel_round_altar,
          nicolae_tso_swordbearing_angel, serial_shops, shop
D:5:      layout_basic, minmay_temple_entry_mist
D:6:      layout_cave_pools, nicolae_overflow_hidden_temple,
          serial_co_window_serial, co_window_paths_a, co_window_paths_a,
          co_window_of_opportunity_a, co_window_paths_b,
          co_window_of_opportunity_a, co_window_corner_b,
          co_window_unsneaky_path_a, co_window_corner_b,
          co_window_unsneaky_path_d, co_window_2corner, co_window_4corner_b,
          glass_columns_a, glass_columns_b
D:7:      layout_basic, kennysheep_mini_moat, grunt_gozag_statues,
          lightli_temple_of_fire, gammafunk_ghost_wrathful_warriors
D:8:      layout_cave_pools, nicolae_qazlal_general_emergency,
          trog_ov_bears_minmay, special_room [special_room_orc],
          chequers_serial_rivers_micro_a
D:9:      layout_cave_pools, minmay_alternating_orb, uniq_prince_ribbit1
D:10:     layout_rooms, minmay_lair_entry_grove, nicolae_looking_at_the_future,
          uniq_erica, uniq_maurice
D:11:     layout_basic, uniq_grum
D:12:     layout_irregular_city, orc_0_dummy

Skill      XL: |  1  2  3  4  5  6  7  8  9 10 11 12 |
---------------+-------------------------------------+-----
Earth Magic    | 4 5 6 8 9 11 12 | 12.6
Maces & Flails | 1 2 3 4 5 6 7 |  7.4
Dodging        | 2 |  2.0
Spellcasting   | 3 4 6 8 9 10 11 | 11.0
Fighting       | 1 2 3 5 |  5.2
Armour         | 1 2 |  2.4
Stealth        | 3 4 |  4.6
Conjurations   | 3 5 |  5.9
Shields        | 1 2 |  2.3
Invocations    | 1 |  1.3
Transmutations | |  0.7
Evocations     | |  0.1

Action                   |  1- 3 |  4- 6 |  7- 9 | 10-12 || total
-------------------------+-------+-------+-------+-------++-------
Melee: Whip              |    19 |   126 |   174 |   188 ||   507
       Flail             |       |       |       |    68 ||    68
 Cast: Sandblast         |    33 |    53 |   143 |    62 ||   291
       Stone Arrow       |       |       |     2 |   158 ||   160
Invok: Heroism           |       |       |     3 |    10 ||    13
Evoke: Wand              |       |       |       |     2 ||     2
  Use: Scroll            |       |     7 |     1 |     6 ||    14
       Potion            |       |       |     1 |     5 ||     6
 Stab: Sleeping          |     2 |     1 |       |     1 ||     4
Armor: Robe              |     5 |    34 |    82 |   157 ||   278
       Leather armour    |       |    12 |    14 |       ||    26
Dodge: Dodged            |    10 |   120 |   110 |   140 ||   380
Block: Buckler           |       |       |       |    70 ||    70
